 Dungeon Crawl Stone Soup version 0.31-a0-836-g3ceb0a68c4 (webtiles) character file.

Game seed: 11421548214141681574

102942 puppykicker the Earth Mage (level 16, -10/93 HPs)
             Began as a Gargoyle Hedge Wizard on Sept 26, 2023.
             Was the Champion of Zin.
             Killed from afar by a will-o-the-wisp (33 damage)
             ... with a foxfire
             ... on level 1 of the Swamp on Sept 27, 2023.
             The game lasted 01:58:44 (38357 turns).

puppykicker the Earth Mage (Gargoyle Hedge Wizard) Turns: 38357, Time: 01:58:45

Health: -10/93     AC: 38    Str: 23    XL:     16   Next: 34%
Magic:  0/27       EV: 13    Int: 20    God:    Zin [******]
Gold:   218        SH: 10    Dex: 12    Spells: 8/30 levels left

rFire   . . .        a - +8 flail "Acarinebane" {venom, Dex+3}
rCold   . . .        y - +0 buckler {AC+3} {AC+3}
rNeg    + . .        H - +1 troll leather armour {regen}
rPois   ∞            U - +2 helmet of the Unicorn {rCorr Str+3 SInv}
rElec   +            G - +2 cloak
rCorr   +            L - +2 pair of gloves {Str+3} {Str+3}
SInv    +            (no boots)
Will    +....        r - amulet of reflection
Stlth   +++          l - +4 ring of protection
HPRegen 1.15/turn    q - +4 ring of protection
MPRegen 0.20/turn

%: reflection
@: flying
A: sickness immunity, AC +12, big wings, negative energy resistance 1,
electricity resistance, torment resistance 1, petrification resistance
a: Renounce Religion, Recite, Vitalisation, Imprison, Sanctuary, Donate Gold


You were on level 1 of the Swamp.
You worshipped Zin.
Zin was exalted by your worship.
You visited 6 branches of the dungeon, and saw 26 of its levels.

You collected 2358 gold pieces.
You spent 1815 gold pieces at shops.
You donated 325 gold pieces to Zin.

Inventory:

Hand Weapons
 a - the +8 flail "Acarinebane" (weapon) {venom, Dex+3}
   (You found it on level 11 of the Dungeon)

   Dex+3:     It affects your dexterity (+3).
 w - the +4 falchion "Ickyirchi" {protect, Str+6 Dex+6 Stlth+}
   (You found it on level 9 of the Dungeon)

   Str+6:     It affects your strength (+6).
   Dex+6:     It affects your dexterity (+6).
   Stlth+:    It makes you more stealthy.
Missiles
 c - 27 poisoned darts
 I - 2 throwing nets
 M - 2 curare-tipped darts (quivered)
 S - 6 javelins
Armour
 y - a +0 buckler of protection (worn) {AC+3}
 z - a +3 scale mail of fire resistance {rF+}
 G - a +2 cloak (worn)
 H - a +1 troll leather armour (worn) {regen}
 L - a +2 pair of gloves of strength (worn) {Str+3}
 N - the +4 Cigotuvi's embrace {Corpsefed rMiasma Drain rN+}
   (You found it on level 13 of the Dungeon)

   Corpsefed: It gathers nearby corpses to temporarily increase the armour it
   provides.
   rMiasma:   It protects you from foul pestilence.
   rN+:       It protects you from negative energy.
   Drain:     It drains your maximum health when unequipped.
   Zin disapproves of the use of such an item.
 U - the +2 helmet of the Unicorn (worn) {rCorr Str+3 SInv}
   (You found it on level 5 of the Lair of Beasts)

   Str+3:     It affects your strength (+3).
   SInv:      It lets you see invisible.
   rCorr:     It protects you from acid and corrosion.
Magical Staves
 b - a staff of earth
Jewellery
 l - a +4 ring of protection (left hand)
 o - a +5 ring of evasion
 q - a +4 ring of protection (right hand)
 r - an amulet of reflection (around neck)
 F - a ring of protection from fire
 P - the amulet of Naegh {Spirit Dex+3}
   (You found it on level 2 of the Lair of Beasts)

   [amulet of guardian spirit]

   Spirit:    It causes incoming damage to be divided between your reserves of
   health and magic.
   Dex+3:     It affects your dexterity (+3).
 Q - a +6 ring of intelligence
 W - a ring of wizardry {Wiz+}
Wands
 e - a wand of light (8)
 h - a wand of charming (5)
 s - a wand of flame (20)
Scrolls
 f - 2 scrolls of fog
 g - a scroll of silence
 i - a scroll of identify
 t - 7 scrolls of teleportation
 u - 5 scrolls of noise {!r}
 v - 4 scrolls of poison
 x - 9 scrolls of amnesia
 A - a scroll of enchant weapon
 B - 5 scrolls of blinking {!r}
 C - 4 scrolls of immolation {!r}
Potions
 d - 2 potions of magic
 j - 3 potions of attraction {!q}
 m - 5 potions of might
 n - 4 potions of invisibility
 p - 4 potions of enlightenment
 D - a potion of resistance
 E - 2 potions of berserk rage {!q}
 J - 2 potions of curing
 K - 5 potions of brilliance
 O - 3 potions of haste
 T - a potion of cancellation


   Skills:
 - Level 8.0 Fighting
 - Level 8.0 Armour
 - Level 5.0 Dodging
 - Level 6.0 Stealth
 - Level 7.0 Shields
 + Level 7.5 Spellcasting
 + Level 15.7 Conjurations
 + Level 8.7 Summonings
 - Level 3.0 Translocations
 + Level 16.6 Earth Magic
 + Level 9.0 Invocations
 - Level 5.0 Evocations


You had 8 spell levels left.
You knew the following spells:

 Your Spells              Type           Power      Damage    Failure   Level
a - Magic Dart            Conj           100%       1d8       1%          1
b - Bombard               Conj/Erth      32%        9d6       2%          6
c - Stone Arrow           Conj/Erth      100%       3d13      1%          3
e - Lee's Rapid Deconstr  Erth           32%        3d17*     1%          5
p - Blink                 Tloc           38%        N/A       5%          2
w - Passwall              Tmut/Erth      33%        N/A       1%          2
x - Mephitic Cloud        Conj/Pois/Air  28%        N/A       4%          3

Your spell library contained the following spells:

 Spells                   Type           Power      Damage    Failure   Level
 Sandblast                Erth           100%       2d20      0%          1
 Call Imp                 Summ           84%        N/A       1%          2
 Momentum Strike          Conj/Tloc      88%        3d10      1%          2
 Searing Ray              Conj           100%       2d8       1%          2
 Animate Armour           Summ/Erth      100%       N/A       1%          4
 Brom's Barrelling Bould  Conj/Erth      64%        2d8       1%          4
 Iskenderun's Mystic Bla  Conj/Tloc      44%        2d10      2%          4
 Leda's Liquefaction      Hex/Erth       20%        N/A       3%          4
 Fulminant Prism          Conj/Hex       19%        3d11      4%          4
 Lesser Beckoning         Tloc           38%        N/A       5%          2
 Summon Guardian Golem    Hex/Summ       25%        N/A       6%          3
 Gell's Gravitas          Tloc           19%        N/A       11%         3
 Teleport Other           Tloc           19%        N/A       11%         3
 Slow                     Hex            28%        N/A       12%         1
 Irradiate                Conj/Tmut      19%        3d18      13%         5
 Orb of Destruction       Conj           31%        9d10      16%         7
 Ensorcelled Hibernation  Hex/Ice        14%        N/A       19%         2
 Wereblood                Tmut           7%         N/A       19%         2
 Volatile Blastmotes      Fire/Tloc      26%        2d12      19%         3
 Summon Ice Beast         Ice/Summ       25%        N/A       19%         4
 Swiftness                Air            7%         N/A       34%         3
 Summon Mana Viper        Hex/Summ       25%        N/A       47%         5
 Spellforged Servitor     Conj/Summ      27%        N/A       54%         7
 Lehudib's Crystal Spear  Conj/Erth      32%        10d8      71%         8
 Monstrous Menagerie      Summ           21%        N/A       95%         7
 Summon Hydra             Summ           21%        N/A       95%         7
 Cigotuvi's Dreadful Rot  Necr/Pois/Air  Unusable   N/A       N/A         2
 Sublimation of Blood     Necr           Unusable   N/A       N/A         2

Dungeon Overview and Level Annotations

Branches:
Dungeon (15/15)            Temple (1/1) D:7            Lair (5/5) D:8
  Swamp (2/4) Lair:3        Snake (1/4) Lair:3        Slime (0/5) Lair:5
    Orc (2/2) D:12            Elf (0/3) Orc:2        Vaults (0/5) D:14
 Depths (0/4) D:15

Altars:
Ashenzari
Cheibriados
Dithmenos
Elyvilon
Fedhas
Gozag
Hepliaklqana
Kikubaaqudgha
Makhleb
Nemelex Xobeh
Okawaru
Qazlal
Ru
Sif Muna
Trog
Uskayaw
Vehumet
Wu Jian
Xom
Yredelemnul
Zin
The Shining One

Shops:
D:1 :   D:3 ?   D:5 *   D:12 [   D:15 [   Orc:2 [[([   Snake:1 (

Annotations:
Lair:4 Rupert


Innate Abilities, Weirdness & Mutations

You are immune to sickness and miasma.
Your stone body is resilient. (AC +12)
You are immune to poison.
Your large and strong wings let you fly.
You resist negative energy. (rN+)
You are resistant to electric shocks. (rElec)
You are resistant to unholy torment.
You are immune to petrification.


Message History

MASSIVE DAMAGE!!
You sock the will-o-the-wisp!
The will-o-the-wisp is almost destroyed.
The foxfire hits you but does no damage.
The foxfire hits you!!
* * * LOW HITPOINT WARNING * * *
The alligator barely misses you.
The alligator tail-slaps you but does no damage.
The will-o-the-wisp engulfs you!
* * * LOW HITPOINT WARNING * * *
The alligator misses you.
The alligator tail-slaps you but does no damage.
You block the will-o-the-wisp's attack.
You take 26 damage, and have 28/93 hp.
MASSIVE DAMAGE!!
You closely miss the will-o-the-wisp.
The will-o-the-wisp is almost destroyed.
The alligator closely misses you.
The alligator tail-slaps you but does no damage.
The will-o-the-wisp blinks!
You block the alligator's attack. x2
You regained 2 hp, and now have 30/93 hp.
Unknown command.
The will-o-the-wisp gestures.
The will-o-the-wisp conjures some marshlight! 2 foxfires come into view.
Things that are here:
a +0 scale mail; a +0 war axe; the human corpse of Frances Unknown command.
Casting: Stone Arrow (safe; 1% risk of failure)
Confirm with . or Enter, or press ? or * to list all spells.
Aiming: Stone Arrow (safe; 1% risk of failure)
Press: ? - help, Shift-Dir - straight line, f/p - alligator
Aim: an alligator (severely wounded, 81% to hit)
The stone arrow hits the alligator!!
You kill the alligator!
* * * LOW MAGIC WARNING * * *
The foxfire hits you!
* * * LOW HITPOINT WARNING * * *
The foxfire hits you!!
You die...

.~~~.♣ ♣.~~~~♣♣~~~~~~..~~.♣♣..~~.
.~§~♣♣♣♣[.~§~~♣...~..♣♣....♣~.~~.
...♣♣♣.)......♣§...~♣~.~♣♣♣..♣♣♣♣
♣♣♣♣♣.))..~~~.........~~.....♣♣♣♣
~♣♣♣..~~~..~~~....~§..~~~...~♣..♣
~♣♣~..~~.♣♣.......~.....~~..♣♣~..
~♣~...~>♣♣♣♣♣♣..♣♣~..~..~~~....~~
~.....♣♣♣♣ ♣♣~.~♣♣....~~~~.~~~~~
.~~§~♣♣♣~♣ ♣~†~@v§...~~~~~..♣~~~
.~~~~~~.~♣ ♣♣♣.>§v♣~.~~~~~~.♣♣.~
.~~~~~..~♣♣ ♣♣♣~♣♣♣.~~~~~~.~♣♣~
~§~~~~~~..♣ ♣♣♣~..♣~~~..~...♣
~~~~~~~~~♣♣ ♣♣..~♣.♣♣♣~~~.♣
~~~§~~§~~♣ ♣.~...~♣.~~~.♣
~~~~~§..~♣ ♣~~~...~~~~~~.
~§~~~~..♣♣ ♣.~~~..~~~~~~.
.§~~~~..♣ ♣♣♣ ♣.~)~.~~~~~...


You could see a will-o-the-wisp.

Levels and vault maps discovered:
D:1:      tarquinn_simple_flora_water_f, layout_loops_ring, serial_shops,
          nicolae_shop_mannequins, serial_forest, infiniplex_forest_split,
          infiniplex_forest_lined_ring, infiniplex_forest_lined_3,
          infiniplex_forest_clump_medium, dreamdust_ecumenical_altar_grove,
          roderic_roman_lattice
D:2:      layout_basic
D:3:      minmay_chambers_of_threes, layout_loops_corners, serial_shops,
          nicolae_shop_hallway_stairs, minmay_pentomino_pile, uniq_ijyb
D:4:      layout_basic, elyvilon_altar_5, mainiacjoe_overflow_small_starburst,
          chequers_temple_overflow_statue_of_worship, kennysheep_mini
D:5:      layout_loops_ring, serial_shops, nicolae_shop_behind_doors,
          roderic_three_in_a_row, uniq_sigmund, uniq_prince_ribbit1
D:6:      layout_rooms, nicolae_overflow_squiral
D:7:      layout_loops_ring, nicolae_xom_altar_mimics,
          nicolae_hepliaklqana_hippocampus, minmay_temple_entry_enclosed_plants,
          uniq_menkaure
D:8:      layout_basic, mainiacjoe_overflow_alcove_2, david_lair_generic,
          serial_demonic, serial_demonic_a, serial_demonic_b, serial_demonic_c,
          serial_demonic_d, minmay_misc_feat_alley
D:9:      layout_rooms, chequers_serial_rivers_small_b,
          minmay_misc_feat_pillars, nicolae_figureground_pulse
D:10:     layout_basic, grunt_ogre_cave, uniq_urug
D:11:     layout_roguey
D:12:     layout_roguey, david_orc_5, serial_shops, nicolae_shop_peninsula
D:13:     layout_roguey, serial_park_tiny_1
D:14:     layout_loops_ring, skrybe_vaults_entry_preservation,
          lightli_fourway_metalbox
D:15:     grunt_enter_depths_hoard, layout_cave_pods, serial_shops, shop
Temple:   minmay_freezing_vapour_temple
Lair:1:   layout_cave_pods, grunt_megastairs_1, infiniplex_staircase_pool
Lair:2:   layout_long_grid, infiniplex_staircase_pool_2
Lair:3:   layout_long_grid, skrybe_swamp_entry_bodies,
          nicolae_snake_entry_warm_welcome, basic_altar, beast_lair_carwin_6,
          grunt_megastairs_2, uniq_gastronok
Lair:4:   layout_cave_pods, lemuel_fruit_fields, uniq_rupert
Lair:5:   minmay_lair_end_frog_pond, layout_regular_city,
          minmay_slime_entry_oklob_enclosed, nicolae_volcano_entry_vermiform,
          minivault_11, uniq_sonja
Swamp:1:  layout_basic_swamp, hangedman_swamp_cone
Swamp:2:  layout_basic_swamp, evilmike_swamp_ruin_house_4, uniq_frances
Snake:1:  layout_chambers, serial_shops, shop, nicolae_shop_behind_doors,
          nicolae_shop_just_a_little_nook, shop_fountains
Orc:1:    layout_caves
Orc:2:    st_orc_town, layout_caves

Notes
Turn   | Place    | Note
-------+----------+-------------------------------------------
     0 | D:1      | puppykicker the Gargoyle Hedge Wizard began the quest for
                  | the Orb.
     0 | D:1      | Reached XP level 1. HP: 10/10 MP: 4/4
    64 | D:1      | Identified a +0 whip
   191 | D:1      | Identified a +0 dagger
   289 | D:1      | Noticed a walking crystal tome
   290 | D:1      | Found Qoosh's Book Shop.
   293 | D:1      | Noticed a walking crystal tome
   364 | D:1      | Found a faded altar of an unknown god.
   378 | D:1      | Identified a +4 ring of protection
   476 | D:1      | Identified a +5 ring of evasion
   481 | D:1      | Identified a +0 mace
   982 | D:2      | Identified a +0 leather armour
  1059 | D:2      | Reached skill level 2 in Conjurations
  1101 | D:2      | Identified a +0 dagger
  1105 | D:2      | Reached XP level 2. HP: 15/15 MP: 1/6
  1235 | D:2      | Identified an amulet of reflection
  1253 | D:2      | Identified a ring of wizardry
  1270 | D:2      | Identified a +0 scale mail
  1364 | D:2      | Identified a +0 club
  1479 | D:2      | Learned a level 2 spell: Blink
  1612 | D:2      | Reached skill level 3 in Conjurations
  1619 | D:2      | Identified a +0 plate armour
  1811 | D:2      | Identified a +0 short sword
  1818 | D:2      | Reached XP level 3. HP: 19/19 MP: 0/7
  1896 | D:2      | Identified a +6 ring of dexterity
  2147 | D:2      | Learned a level 3 spell: Stone Arrow
  2307 | D:3      | Reached skill level 1 in Earth Magic
  2309 | D:3      | Identified a +0 helmet
  2488 | D:3      | Found Enuegh's Magic Scroll Shop.
  2496 | D:3      | Bought a scroll of identify for 24 gold pieces
  2496 | D:3      | Bought a scroll of teleportation for 36 gold pieces
  2496 | D:3      | Bought a scroll of noise for 12 gold pieces
  2496 | D:3      | Bought a scroll of fear for 48 gold pieces
  2496 | D:3      | Identified a scroll of fog
  2497 | D:3      | Identified a scroll of amnesia
  2498 | D:3      | Identified a scroll of blinking
  2499 | D:3      | Identified a scroll of silence
  2606 | D:3      | Identified a +0 halberd
  2693 | D:3      | Reached XP level 4. HP: 22/24 MP: 4/8
  2809 | D:3      | Identified a +0 robe
  2880 | D:3      | Identified 2 potions of enlightenment
  3016 | D:3      | Identified the +4 whip of Irksome Action {venom, rElec rF-
                  | Str+2 Int+2}
  3031 | D:3      | Identified an amulet of the acrobat
  3077 | D:3      | Identified a +0 dagger
  3077 | D:3      | Identified a +3 scale mail of fire resistance
  3077 | D:3      | Noticed Ijyb
  3110 | D:3      | Killed Ijyb
  3111 | D:3      | Reached skill level 4 in Conjurations
  3111 | D:3      | Reached skill level 2 in Earth Magic
  3262 | D:3      | Identified a +0 long sword
  3377 | D:3      | Reached skill level 3 in Earth Magic
  3377 | D:3      | Reached XP level 5. HP: 28/28 MP: 9/9
  3380 | D:3      | Learned a level 2 spell: Passwall
  3386 | D:3      | Identified a +0 whip
  3386 | D:3      | Identified a +0 scale mail
  3390 | D:3      | Noticed a black bear
  3401 | D:3      | Killed a black bear
  3402 | D:3      | Reached skill level 5 in Conjurations
  3402 | D:3      | Reached XP level 6. HP: 30/32 MP: 10/10
  3408 | D:3      | Reached skill level 4 in Earth Magic
  3767 | D:4      | Identified a ring of positive energy
  3790 | D:4      | Found a blossoming altar of Fedhas.
  3848 | D:3      | Bought a scroll of blinking for 90 gold pieces
  3863 | D:4      | Identified a +0 dagger
  3863 | D:4      | Identified a +0 robe
  3864 | D:4      | Found a white marble altar of Elyvilon.
  3864 | D:4      | Identified a +0 mace
  3864 | D:4      | Identified a +0 trident
  3864 | D:4      | Identified a +0 club
  3865 | D:4      | Identified a +0 short sword
  3952 | D:4      | Learned a level 3 spell: Mephitic Cloud
  4092 | D:4      | Found a broken altar of Ashenzari.
  4104 | D:4      | Identified a +0 scale mail
  4342 | D:4      | Identified a +0 dagger
  4399 | D:4      | Identified an amulet of faith
  4432 | D:4      | Found a snail-covered altar of Cheibriados.
  4432 | D:4      | Found a hide-covered altar of Uskayaw.
  4432 | D:4      | Found a shimmering blue altar of Sif Muna.
  4657 | D:5      | Entered Level 5 of the Dungeon
  4794 | D:5      | Identified a +0 quarterstaff
  4821 | D:5      | Identified a +0 scythe
  4821 | D:5      | Identified a +0 robe
  4821 | D:5      | Noticed Sigmund
  4823 | D:5      | Killed Sigmund
  4824 | D:5      | Reached skill level 6 in Conjurations
  4824 | D:5      | Reached skill level 5 in Earth Magic
  4824 | D:5      | Reached XP level 7. HP: 36/36 MP: 4/11
  4834 | D:5      | Identified a +0 hat
  4974 | D:5      | Identified a +0 club
  4974 | D:5      | Identified a +0 flail
  4975 | D:5      | Identified a +0 halberd
  5138 | D:5      | Identified a +0 flail
  5138 | D:5      | Identified a +0 club
  5139 | D:5      | Identified a +0 halberd
  5293 | D:5      | Identified a +0 dagger
  5296 | D:5      | Reached skill level 6 in Earth Magic
  5300 | D:5      | Identified a +0 giant club
  5418 | D:5      | Identified a +0 whip
  5418 | D:5      | Identified a +0 leather armour
  5495 | D:5      | Identified a +0 giant club
  5498 | D:5      | Reached skill level 7 in Conjurations
  5498 | D:5      | Reached skill level 1 in Summonings
  5500 | D:5      | Reached XP level 8. HP: 41/41 MP: 1/12
  5740 | D:5      | Identified a +2 cloak
  5826 | D:5      | Noticed Prince Ribbit
  5834 | D:5      | Killed Prince Ribbit
  5835 | D:5      | Reached skill level 7 in Earth Magic
  5908 | D:5      | Reached skill level 2 in Summonings
  6019 | D:5      | Found Gyupisu's General Store.
  6022 | D:5      | Bought a potion of lignification for 42 gold pieces
  6022 | D:5      | Bought a potion of degeneration for 14 gold pieces
  6023 | D:5      | Identified 3 potions of might
  6031 | D:5      | Identified a +0 giant club
  6187 | D:6      | Reached skill level 8 in Conjurations
  6361 | D:6      | Reached skill level 8 in Earth Magic
  6510 | D:6      | Identified a +6 ring of strength
  6589 | D:5      | Bought a potion of attraction for 42 gold pieces
  6761 | D:6      | Found a sacrificial altar of Ru.
  6778 | D:6      | Found a basalt altar of Yredelemnul.
  6784 | D:6      | Identified a +0 shortbow
  6876 | D:6      | Identified a ring of protection from fire
  6916 | D:6      | Reached skill level 3 in Summonings
  6916 | D:6      | Reached XP level 9. HP: 45/45 MP: 3/13
  7131 | D:6      | Identified a +0 robe
  7296 | D:7      | Found a shimmering altar of Xom.
  7311 | D:7      | Found a shimmering altar of Xom.
  7311 | D:7      | Found a shimmering altar of Xom.
  7313 | D:7      | Found a shimmering altar of Xom.
  7315 | D:7      | Found a shimmering altar of Xom.
  7315 | D:7      | Found a shimmering altar of Xom.
  7318 | D:7      | Found a shimmering altar of Xom.
  7320 | D:7      | Identified the +0 robe of the Pleiades {rF- Will+ Int+4}
  7343 | D:7      | Noticed Menkaure
  7348 | D:7      | Killed Menkaure
  7398 | D:7      | Identified a +0 war axe
  7662 | D:3      | Bought a scroll of immolation for 48 gold pieces
  7761 | D:7      | Identified a +0 club
  7765 | D:7      | Identified a +0 club
  7775 | D:6      | Killed an unseen horror
  7776 | D:6      | Reached skill level 1 in Fighting
  7776 | D:6      | Reached skill level 1 in Armour
  7776 | D:6      | Reached skill level 2 in Dodging
  7776 | D:6      | Reached skill level 9 in Conjurations
  7776 | D:6      | Reached skill level 9 in Earth Magic
  7869 | D:7      | Identified a +0 war axe
  7992 | D:7      | Identified a +0 dagger
  7992 | D:7      | Identified a +0 leather armour
  8038 | D:7      | Identified a +0 halberd of flaming
  8038 | D:7      | Identified a +0 robe
  8039 | D:7      | Identified a +0 halberd
  8039 | D:7      | Identified a +0 robe
  8072 | D:7      | Identified a +3 trident
  8072 | D:7      | Identified a +1 robe of positive energy
  8110 | D:7      | Identified a +0 hand axe
  8110 | D:7      | Identified a +0 robe
  8122 | D:7      | Identified a +0 short sword
  8122 | D:7      | Identified a +0 robe
  8230 | D:7      | Identified a +0 dagger
  8232 | D:7      | Identified a potion of curing
  8300 | D:7      | Identified a +0 dagger of venom
  8300 | D:7      | Identified a +0 robe
  8302 | D:7      | Identified a +0 club
  8302 | D:7      | Identified a +0 scale mail
  8304 | D:7      | Identified a +0 club
  8304 | D:7      | Identified a +0 ring mail
  8308 | D:7      | Reached skill level 2 in Fighting
  8308 | D:7      | Reached skill level 2 in Armour
  8308 | D:7      | Identified a +0 falchion
  8445 | D:7      | Identified a +0 rapier
  8634 | D:7      | Identified a potion of brilliance
  8708 | D:7      | Found a staircase to the Ecumenical Temple.
  8714 | Temple   | Entered the Ecumenical Temple
  8719 | Temple   | Became a worshipper of Zin the Law-Giver
  8796 | D:7      | Donated 24 gold pieces to Zin
  8810 | D:7      | Found a hazy altar of Hepliaklqana.
  8857 | D:8      | Identified a +0 mace
  8857 | D:8      | Identified a +0 robe
  8943 | D:8      | Identified a +0 long sword
  8961 | D:8      | Identified a +0 great sword
  8961 | D:8      | Identified a +0 robe
  8977 | D:8      | Identified a +0 dagger
  8977 | D:8      | Identified a +0 robe
  8982 | D:8      | Identified a +0 battleaxe
  8982 | D:8      | Identified a +0 robe
  9123 | D:8      | Identified a +3 mace of protection
  9123 | D:8      | Identified a +0 robe
  9130 | D:8      | Reached XP level 10. HP: 54/54 MP: 3/15
  9138 | D:7      | Reached skill level 4 in Summonings
  9278 | D:8      | Reached * piety under Zin
  9306 | D:8      | Identified the +1 hand axe of Wealth {heavy, rCorr Dex+3}
  9330 | D:8      | Identified a +0 flail
  9342 | D:8      | Identified a +0 flail
  9398 | D:8      | Found a burning altar of Makhleb.
  9453 | D:8      | Identified a +0 vampiric dagger
  9453 | D:8      | Identified a +0 robe
  9483 | D:8      | Reached skill level 10 in Earth Magic
  9494 | D:8      | Reached skill level 3 in Fighting
  9495 | D:8      | HP: 12/56 [yak (11)]
  9512 | D:8      | HP: 14/56 [yak (3)]
  9515 | D:8      | Reached skill level 4 in Spellcasting
  9662 | D:8      | Learned a level 5 spell: Lee's Rapid Deconstruction
  9670 | D:8      | Reached skill level 10 in Conjurations
  9733 | D:8      | Identified a +0 dagger
  9733 | D:8      | Identified a +0 robe
  9740 | D:8      | Reached skill level 3 in Armour
  9740 | D:8      | Reached skill level 3 in Dodging
  9918 | D:8      | Identified a +4 falchion
  9918 | D:8      | Identified a +0 robe
  9918 | D:8      | Identified a +2 hand axe
  9918 | D:8      | Identified a +0 robe
  9919 | D:8      | Identified a +0 hand axe
  9919 | D:8      | Identified a +0 robe
 10108 | D:8      | Reached skill level 1 in Invocations
 10228 | D:8      | Identified a +0 short sword
 10228 | D:8      | Identified a +0 robe
 10229 | D:8      | Noticed an elephant
 10229 | D:8      | Found a staircase to the Lair.
 10229 | D:8      | Identified a +0 spear
 10229 | D:8      | Identified a +0 robe
 10232 | D:8      | Reached skill level 1 in Evocations
 10233 | D:8      | Identified a +1 flail
 10233 | D:8      | Identified a +0 leather armour
 10243 | D:8      | Killed an elephant
 10255 | D:8      | Identified a +0 hand axe
 10255 | D:8      | Identified a +0 robe
 10260 | D:8      | Identified a +0 falchion
 10260 | D:8      | Identified a +0 robe
 10266 | D:8      | Reached ** piety under Zin
 10409 | D:8      | Identified a +2 whip of freezing
 10409 | D:8      | Identified a +0 robe
 10409 | D:8      | Identified a +0 club
 10409 | D:8      | Identified a +0 ring mail
 10409 | D:8      | Identified a +0 club
 10409 | D:8      | Identified a +0 plate armour
 10416 | D:8      | Identified a +0 short sword
 10547 | D:8      | Identified a +0 dagger
 10678 | D:8      | Identified a +0 dagger
 10678 | D:8      | Identified a +0 club
 10678 | D:8      | Identified a +0 dagger
 10678 | D:8      | Identified a +0 short sword
 10798 | D:9      | Identified a +0 long sword
 10798 | D:9      | Identified a +0 robe
 10799 | D:9      | Identified a +2 halberd
 10799 | D:9      | Identified a +0 robe
 10799 | D:9      | Identified a +1 hand axe of electrocution
 10799 | D:9      | Identified a +0 robe
 10799 | D:9      | Identified a +1 morningstar
 10799 | D:9      | Identified a +0 robe
 10957 | D:9      | Identified the +4 falchion "Ickyirchi" {protect, Str+6
                  | Dex+6 Stlth+}
 10992 | D:9      | Reached skill level 2 in Invocations
 11052 | D:9      | Identified the +5 chain mail of the Trombone {Str+3}
 11078 | D:9      | Reached skill level 4 in Fighting
 11084 | D:9      | Reached XP level 11. HP: 48/61 MP: 9/17
 11167 | D:9      | Identified a +0 giant club
 11167 | D:9      | Identified a +0 giant club
 11167 | D:9      | Noticed a two-headed ogre
 11181 | D:9      | Killed a two-headed ogre
 11182 | D:9      | Reached skill level 4 in Armour
 11182 | D:9      | Reached skill level 2 in Evocations
 11205 | D:9      | Reached skill level 11 in Earth Magic
 11247 | D:9      | Identified a +0 shortbow
 11261 | D:9      | Reached *** piety under Zin
 11653 | D:9      | Identified a +0 leather armour
 11733 | D:9      | Donated 106 gold pieces to Zin
 11750 | D:10     | Entered Level 10 of the Dungeon
 11890 | D:10     | Identified a potion of mutation
 11956 | D:10     | Identified a +0 giant club
 12120 | D:10     | Identified a +2 glaive of protection
 12120 | D:10     | Identified a +0 chain mail
 12120 | D:10     | Noticed Urug
 12173 | D:10     | Killed Urug
 12317 | D:10     | Identified a +0 dagger
 12317 | D:10     | Identified a +0 robe
 12318 | D:10     | Identified a +0 dagger
 12318 | D:10     | Identified a +0 robe
 12322 | D:10     | Identified a +0 whip
 12322 | D:10     | Identified a +0 short sword
 12372 | D:10     | Identified a +0 giant club
 12372 | D:10     | Identified a +0 giant club
 12372 | D:10     | Noticed a two-headed ogre
 12379 | D:10     | Killed a two-headed ogre
 12380 | D:10     | Reached skill level 11 in Conjurations
 12380 | D:10     | Reached skill level 5 in Summonings
 12380 | D:10     | Reached skill level 3 in Invocations
 12496 | D:10     | Identified a +0 plate armour of fire resistance
 12634 | D:11     | Noticed a boulder beetle
 12657 | D:11     | Killed a boulder beetle
 12787 | D:11     | Identified a +0 dagger
 12787 | D:11     | Identified a +0 club
 12787 | D:11     | Identified a +0 dagger
 12787 | D:11     | Identified a +1 whip of freezing
 12787 | D:11     | Identified a +0 short sword
 12787 | D:11     | Identified a +0 whip
 12925 | D:11     | Reached **** piety under Zin
 12946 | D:11     | Identified a +0 flail
 12957 | D:11     | Reached skill level 4 in Dodging
 12957 | D:11     | Reached skill level 5 in Spellcasting
 13281 | D:11     | Noticed a boulder beetle
 13300 | D:11     | Reached skill level 5 in Fighting
 13302 | D:11     | HP: 11/63 [boulder beetle (13)]
 13303 | D:11     | Identified 2 potions of heal wounds
 13311 | D:11     | HP: 6/63 [boulder beetle (13)]
 13313 | D:11     | Killed a boulder beetle
 13314 | D:11     | Reached skill level 3 in Evocations
 13576 | D:11     | Identified a +0 troll leather armour
 13675 | D:11     | Identified the +8 flail "Acarinebane" {venom, Dex+3}
 13809 | D:11     | Identified 2 scrolls of enchant weapon
 13810 | D:11     | Identified 3 scrolls of poison
 13811 | D:11     | Identified a scroll of torment
 13812 | D:11     | Identified a scroll of enchant armour
 13813 | D:11     | Identified a scroll of butterflies
 13814 | D:11     | Identified a scroll of vulnerability
 13834 | D:11     | Identified a +0 short sword
 14015 | D:12     | Identified a +0 chain mail
 14037 | D:12     | Found the +5 robe of Misfortune {Harm *Corrode *Slow EV+5}
 14037 | D:12     | Identified a +0 dagger
 14037 | D:12     | Identified a +0 robe
 14037 | D:12     | Identified a +0 club
 14037 | D:12     | Identified a +0 dagger
 14037 | D:12     | Identified a +0 ring mail
 14037 | D:12     | You fall into a shaft and drop 3 floors!
 14037 | D:15     | Entered Level 15 of the Dungeon
 14044 | D:14     | Noticed a purple ugly thing
 14045 | D:14     | Noticed a purple ugly thing
 14046 | D:14     | Noticed a purple ugly thing
 14103 | D:14     | Noticed a purple ugly thing
 14230 | D:14     | Noticed a purple ugly thing
 14265 | D:13     | Identified a +0 scimitar of flaming
 14268 | D:13     | Reached XP level 12. HP: 68/68 MP: 12/19
 14325 | D:13     | Noticed a boulder beetle
 14348 | D:12     | Identified a +0 mace
 14348 | D:12     | Identified a +0 leather armour
 14348 | D:12     | Identified a +0 whip
 14348 | D:12     | Identified a +0 whip
 14348 | D:12     | Identified a +0 scale mail
 14349 | D:12     | Identified a +0 hand axe
 14349 | D:12     | Identified a +1 whip of venom
 14349 | D:12     | Identified a +0 morningstar
 14350 | D:12     | Identified a +0 whip
 14350 | D:12     | Identified a +0 ring mail
 14356 | D:12     | Identified a +0 flail
 14356 | D:12     | Identified a +0 battleaxe
 14356 | D:12     | Identified a +0 chain mail
 14356 | D:12     | Identified a +0 hand axe
 14356 | D:12     | Identified a +0 leather armour
 14356 | D:12     | Identified a +0 short sword
 14356 | D:12     | Identified a +0 ring mail
 14356 | D:12     | Identified a +0 club
 14356 | D:12     | Identified a +2 chain mail of cold resistance
 14357 | D:12     | Identified a +0 trident
 14357 | D:12     | Identified a +0 leather armour
 14357 | D:12     | Identified a +0 club
 14359 | D:12     | Identified a +0 dire flail
 14359 | D:12     | Identified a +0 chain mail
 14360 | D:12     | Found a staircase to the Orcish Mines.
 14360 | D:12     | Identified a +0 hand axe
 14360 | D:12     | Identified a +0 leather armour
 14360 | D:12     | Identified a +0 flail
 14363 | D:12     | Identified a +2 halberd of venom
 14363 | D:12     | Identified a +0 plate armour
 14363 | D:12     | Identified a +0 club
 14363 | D:12     | Identified a +0 flail
 14363 | D:12     | Identified a +0 chain mail
 14363 | D:12     | Identified a +0 flail
 14363 | D:12     | Identified a +0 leather armour
 14364 | D:12     | Identified a +0 long sword
 14364 | D:12     | Identified a +2 plate armour of fire resistance
 14364 | D:12     | Identified a +0 flail
 14364 | D:12     | Identified a +0 chain mail
 14365 | D:12     | Reached skill level 5 in Armour
 14613 | D:12     | Noticed a boulder beetle
 14626 | D:12     | Identified a +0 mace
 14749 | D:12     | Found Judghy Kiraru's Antique Armour Emporium.
 14783 | D:12     | HP: 16/68 [boulder beetle (14)]
 14786 | D:12     | Identified a +2 heavy scimitar
 14795 | D:12     | Killed a boulder beetle
 14796 | D:12     | Reached skill level 12 in Earth Magic
 14796 | D:12     | Reached skill level 4 in Invocations
 14843 | D:12     | Identified a potion of resistance
 14984 | D:12     | Reached ***** piety under Zin
 14989 | D:12     | Bought a pair of glowing gloves for 217 gold pieces
 14989 | D:12     | Identified a +2 pair of gloves of strength (You bought it
                  | in a shop on level 12 of the Dungeon)
 15052 | D:12     | Identified a +0 flail
 15052 | D:12     | Identified a +0 scimitar
 15053 | D:12     | Identified a +0 broad axe
 15061 | D:12     | Reached skill level 3 in Stealth
 15072 | D:12     | HP: 13/68 [skeletal warrior/+0 flail (10)]
 15454 | D:12     | Identified a +0 ring mail
 15471 | D:12     | Identified a +0 troll leather armour
 15535 | D:12     | Identified a +0 war axe of flaming
 15780 | D:12     | Identified a +0 leather armour
 15986 | D:12     | Learned a level 6 spell: Bombard
 16061 | D:12     | Identified a +1 leather armour of willpower
 16243 | D:12     | Identified 3 potions of invisibility
 16461 | D:13     | Identified a +0 troll leather armour
 16633 | D:13     | Reached skill level 12 in Conjurations
 16814 | D:13     | Identified a +0 pair of gloves
 16823 | D:13     | Identified a +0 flail
 16823 | D:13     | Identified a +0 morningstar
 17023 | D:13     | Identified a +0 morningstar
 17060 | D:13     | Found the +4 Cigotuvi's embrace {Corpsefed rMiasma Drain
                  | rN+}
 17175 | D:13     | Killed a boulder beetle
 17176 | D:13     | Reached skill level 6 in Fighting
 17176 | D:13     | Reached skill level 4 in Stealth
 17176 | D:13     | Reached skill level 4 in Evocations
 17347 | D:14     | Reached skill level 6 in Summonings
 17448 | D:14     | Identified a +0 arbalest
 17448 | D:14     | Noticed a six-headed hydra
 17532 | D:14     | Identified a +0 morningstar
 17538 | D:14     | Identified a +0 shortbow
 17538 | D:14     | Noticed a centaur warrior
 17539 | D:14     | Reached skill level 6 in Armour
 17539 | D:14     | Noticed a boulder beetle
 17550 | D:14     | Identified a +0 dire flail
 17550 | D:14     | Identified a +0 ring mail
 17550 | D:14     | Noticed an ironbound preserver
 17563 | D:14     | Killed a boulder beetle
 17564 | D:14     | Reached XP level 13. HP: 44/74 MP: 7/21
 17566 | D:14     | Reached skill level 5 in Dodging
 17567 | D:14     | Reached skill level 5 in Invocations
 17591 | D:14     | HP: 17/74 [ironbound preserver/+0 dire flail (15)]
 17594 | D:14     | Killed an ironbound preserver
 17595 | D:14     | Reached skill level 6 in Spellcasting
 17965 | D:3      | Bought a scroll of fear for 48 gold pieces
 18138 | Lair:1   | Entered Level 1 of the Lair of Beasts
 18160 | Lair:1   | Reached skill level 13 in Earth Magic
 18444 | Lair:1   | Identified a scroll of revelation
 18922 | Lair:1   | Identified a +0 war axe
 18928 | Lair:1   | Identified a +2 leather armour of willpower
 19829 | Lair:2   | Identified the amulet of Naegh {Spirit Dex+3}
 19842 | Lair:2   | Identified a ring of magical power
 20093 | Lair:2   | Reached skill level 5 in Stealth
 20102 | Lair:2   | HP: 12/76 [yak (12)]
 20925 | Lair:3   | Found a radiant altar of Vehumet.
 21245 | Lair:3   | Found a staircase to the Swamp.
 21439 | Lair:3   | Identified a +0 hat
 21439 | Lair:3   | Noticed Gastronok
 21446 | Lair:3   | Reached skill level 5 in Evocations
 21615 | Lair:3   | Killed Gastronok
 21616 | Lair:3   | Reached skill level 7 in Fighting
 21616 | Lair:3   | Reached skill level 13 in Conjurations
 21616 | Lair:3   | Reached skill level 6 in Invocations
 21870 | Lair:3   | Reached skill level 7 in Armour
 22079 | Lair:3   | You fall into a shaft and drop 1 floor!
 22142 | Lair:4   | Identified a +6 ring of intelligence
 22270 | Lair:4   | Identified a +2 great mace of holy wrath
 22270 | Lair:4   | Identified a +0 ring mail
 22270 | Lair:4   | Noticed Rupert
 22272 | Lair:4   | Gained mutation: Your large and strong wings let you fly.
                  | [Gargoyle growth]
 22272 | Lair:4   | Reached XP level 14. HP: 78/82 MP: 2/23
 22487 | Lair:4   | Paralysed by Rupert for 4 turns
 22652 | Lair:4   | Reached skill level 6 in Stealth
 23023 | Lair:3   | Reached skill level 14 in Earth Magic
 23332 | Lair:3   | Reached skill level 7 in Summonings
 23498 | Lair:3   | Found a staircase to the Snake Pit.
 23498 | Lair:3   | Identified a +0 trident
 24383 | Lair:4   | Identified 2 potions of haste
 24746 | Lair:4   | Identified a +0 pair of gloves
 25076 | Lair:5   | Entered Level 5 of the Lair of Beasts
 25223 | Lair:5   | Identified the +5 trident of Ysenwy Buyqi {elec, *Slow rC++
                  | rN+ Dex+3 SInv}
 25234 | Lair:5   | Identified a +2 dagger of distortion
 25234 | Lair:5   | Noticed Sonja
 25453 | Lair:5   | Killed Sonja
 25609 | Lair:5   | Reached skill level 7 in Invocations
 25630 | Lair:5   | Reached skill level 8 in Fighting
 25888 | Lair:5   | Reached skill level 14 in Conjurations
 26046 | Lair:5   | Reached skill level 8 in Armour
 26192 | Lair:5   | Reached skill level 15 in Earth Magic
 26422 | Lair:5   | Reached ****** piety under Zin
 26667 | Lair:5   | Identified a +0 heavy great mace
 26687 | Lair:5   | Identified a ring of ice
 26982 | Lair:5   | Identified a potion of cancellation
 27436 | Lair:5   | Identified a +0 robe
 27490 | Lair:5   | Identified the +2 helmet of the Unicorn {rCorr Str+3 SInv}
 27788 | Lair:5   | Reached XP level 15. HP: 88/88 MP: 4/24
 28006 | Lair:5   | Found a staircase to the Slime Pits.
 28630 | D:1      | Bought a book of Armaments for 504 gold pieces
 28880 | D:12     | Identified a +0 leather armour
 28914 | Orc:1    | Entered Level 1 of the Orcish Mines
 28914 | Orc:1    | Identified a +0 dire flail
 28914 | Orc:1    | Identified a +0 chain mail
 28914 | Orc:1    | Identified a +0 dagger
 28914 | Orc:1    | Identified a +0 robe
 28914 | Orc:1    | Identified a +0 mace
 28914 | Orc:1    | Identified a +0 leather armour
 28914 | Orc:1    | Identified a +2 dagger of distortion
 28914 | Orc:1    | Identified a +0 robe
 28915 | Orc:1    | Identified a +0 dagger
 28915 | Orc:1    | Identified a +0 robe
 29175 | Orc:1    | Identified a +0 mace
 29175 | Orc:1    | Identified a +0 chain mail
 29175 | Orc:1    | Identified a +0 flail
 29176 | Orc:1    | Identified a +0 dagger
 29176 | Orc:1    | Identified a +0 robe
 29369 | Orc:2    | Entered Level 2 of the Orcish Mines
 29369 | Orc:2    | Identified a +0 hand axe
 29369 | Orc:2    | Identified a +0 chain mail of poison resistance
 29369 | Orc:2    | Identified a +0 club
 29369 | Orc:2    | Identified a +0 leather armour
 29369 | Orc:2    | Identified a +0 club
 29369 | Orc:2    | Identified a +0 leather armour
 29369 | Orc:2    | Identified a +0 mace
 29369 | Orc:2    | Identified a +0 hand axe
 29369 | Orc:2    | Identified a +0 chain mail
 29369 | Orc:2    | Identified a +1 hand axe of freezing
 29369 | Orc:2    | Identified a +0 dagger
 29369 | Orc:2    | Identified a +0 ring mail
 29369 | Orc:2    | Identified a +0 flail
 29369 | Orc:2    | Identified a +0 dagger
 29369 | Orc:2    | Identified a +0 robe
 29372 | Orc:2    | Identified a +0 club
 29374 | Orc:2    | Identified a +0 dagger
 29374 | Orc:2    | Identified a +0 robe
 29376 | Orc:2    | Identified a +0 club
 29376 | Orc:2    | Identified a +0 leather armour
 29378 | Orc:2    | Identified a +0 short sword
 29379 | Orc:2    | Identified a +0 trident
 29560 | Orc:1    | Identified a +0 dagger
 29560 | Orc:1    | Identified a +0 robe
 29560 | Orc:1    | Identified a +2 dagger of venom
 29560 | Orc:1    | Identified a +2 robe of fire resistance
 29560 | Orc:1    | Identified a +0 mace
 29560 | Orc:1    | Identified a +0 ring mail
 29562 | Orc:1    | Identified a +0 morningstar
 29562 | Orc:1    | Identified a +0 chain mail
 29737 | Orc:1    | Identified a +0 dagger
 29737 | Orc:1    | Identified a +0 robe
 29738 | Orc:1    | Identified a +0 battleaxe
 29738 | Orc:1    | Identified a +0 orcbow
 29738 | Orc:1    | Identified a +0 plate armour
 29740 | Orc:1    | Identified a +0 hand axe
 29740 | Orc:1    | Identified a +0 leather armour
 29741 | Orc:1    | Identified a +0 dagger
 29741 | Orc:1    | Identified a +0 robe
 29852 | Orc:1    | Identified a +0 falchion
 29866 | Orc:1    | Identified a +0 mace
 29866 | Orc:1    | Identified a +0 orcbow
 29866 | Orc:1    | Identified a +0 chain mail
 29866 | Orc:1    | Identified a +0 whip
 29866 | Orc:1    | Identified a +0 hand axe
 29866 | Orc:1    | Identified a +0 chain mail
 29868 | Orc:1    | Identified a +0 flail
 29951 | Orc:1    | Identified a +0 halberd
 29951 | Orc:1    | Identified a +0 chain mail
 29951 | Orc:1    | Identified a +0 flail
 29951 | Orc:1    | Identified a +0 leather armour
 29951 | Orc:1    | Identified a +0 halberd
 29951 | Orc:1    | Identified a +0 chain mail
 29951 | Orc:1    | Identified a +0 dagger
 29951 | Orc:1    | Identified a +0 robe
 29952 | Orc:1    | Identified a +0 mace
 29952 | Orc:1    | Identified a +0 chain mail
 29952 | Orc:1    | Identified a +0 mace
 29952 | Orc:1    | Identified a +0 chain mail
 29952 | Orc:1    | Identified a +2 scimitar of holy wrath
 29952 | Orc:1    | Identified a +0 orcbow
 29952 | Orc:1    | Identified a +0 chain mail
 29965 | Orc:1    | Identified a +0 dagger
 29965 | Orc:1    | Identified a +0 robe
 29966 | Orc:1    | Identified a +0 war axe
 29966 | Orc:1    | Identified a +0 arbalest
 29966 | Orc:1    | Identified a +0 plate armour
 29966 | Orc:1    | Noticed an orc warlord
 29970 | Orc:1    | Identified a +0 troll leather armour
 29971 | Orc:1    | Reached skill level 8 in Summonings
 30118 | Orc:1    | Killed an orc warlord
 30119 | Orc:1    | Reached skill level 8 in Invocations
 30329 | Orc:2    | Identified a +5 great mace of distortion
 30329 | Orc:2    | Identified a +0 chain mail
 30329 | Orc:2    | Noticed an orc warlord
 30329 | Orc:2    | Identified a +0 hand axe
 30329 | Orc:2    | Identified a +0 leather armour
 30329 | Orc:2    | Identified a +0 glaive
 30329 | Orc:2    | Identified a +0 chain mail
 30329 | Orc:2    | Identified a +0 short sword
 30329 | Orc:2    | Identified a +0 plate armour
 30329 | Orc:2    | Identified a +0 flail
 30329 | Orc:2    | Identified a +0 chain mail
 30329 | Orc:2    | Identified a +0 giant club
 30333 | Orc:2    | Identified a +0 falchion
 30333 | Orc:2    | Identified a +0 scale mail
 30333 | Orc:2    | Identified a +0 dire flail
 30333 | Orc:2    | Identified a +0 chain mail
 30333 | Orc:2    | Identified a +0 flail
 30333 | Orc:2    | Identified a +0 chain mail
 30334 | Orc:2    | Identified a +0 hand axe
 30334 | Orc:2    | Identified a +0 plate armour
 30335 | Orc:2    | Identified a +0 dagger
 30335 | Orc:2    | Identified a +0 robe
 30335 | Orc:2    | Identified a +0 whip
 30336 | Orc:2    | Identified a +1 heavy hand axe
 30339 | Orc:2    | Identified a +0 troll leather armour
 30339 | Orc:2    | Identified a +1 dagger of venom
 30339 | Orc:2    | Identified a +0 robe
 30339 | Orc:2    | Identified a +0 dire flail
 30339 | Orc:2    | Identified a +0 plate armour
 30352 | Orc:2    | Identified a +0 dagger
 30352 | Orc:2    | Identified a +0 robe
 30354 | Orc:2    | Found a staircase to the Elven Halls.
 30388 | Orc:2    | Identified a +0 dagger
 30388 | Orc:2    | Identified a +2 robe of cold resistance
 30389 | Orc:2    | Identified a +0 club
 30390 | Orc:2    | Identified a +0 trident
 30390 | Orc:2    | Identified a +0 ring mail
 30392 | Orc:2    | Identified a +3 bardiche
 30392 | Orc:2    | Identified a +0 chain mail
 30398 | Orc:2    | Identified a +0 club
 30415 | Orc:2    | Identified a +0 war axe
 30415 | Orc:2    | Identified a +0 chain mail
 30419 | Orc:2    | Identified a +0 dagger
 30419 | Orc:2    | Identified a +0 flail
 30421 | Orc:2    | Identified a +0 long sword
 30421 | Orc:2    | Identified a +0 chain mail
 30422 | Orc:2    | Identified a +0 mace
 30422 | Orc:2    | Identified a +0 hand axe
 30422 | Orc:2    | Identified a +0 plate armour
 30423 | Orc:2    | Identified a +2 morningstar of protection
 30424 | Orc:2    | Identified a +0 club
 30430 | Orc:2    | Identified a +0 club
 30434 | Orc:2    | Killed an orc warlord
 30435 | Orc:2    | Identified a +3 war axe of venom
 30435 | Orc:2    | Identified a +0 plate armour
 30446 | Orc:2    | Identified a +0 trident
 30446 | Orc:2    | Identified a +0 club
 30446 | Orc:2    | Identified a +0 leather armour
 30446 | Orc:2    | Identified a +0 war axe
 30446 | Orc:2    | Identified a +0 plate armour
 30449 | Orc:2    | Identified a +0 dagger
 30449 | Orc:2    | Identified a +3 battleaxe
 30449 | Orc:2    | Identified a +0 arbalest
 30449 | Orc:2    | Identified a +0 chain mail
 30686 | Orc:2    | Identified a +0 flail
 30698 | Orc:2    | Identified a +0 club
 30700 | Orc:2    | Identified a +0 long sword
 30700 | Orc:2    | Identified a +0 chain mail
 30706 | Orc:2    | Identified a +0 dire flail
 30706 | Orc:2    | Identified a +0 plate armour
 30812 | Orc:2    | Identified a +0 dire flail
 30812 | Orc:2    | Identified a +0 chain mail
 30836 | Orc:2    | Identified a +0 flail
 30884 | Orc:2    | Identified a +0 hand axe
 30884 | Orc:2    | Identified a +0 chain mail
 30888 | Orc:2    | Identified a +0 club
 30888 | Orc:2    | Identified a +0 scale mail
 30890 | Orc:2    | Reached skill level 15 in Conjurations
 30890 | Orc:2    | Identified a +0 flail
 30890 | Orc:2    | Identified a +0 leather armour
 30897 | Orc:2    | Identified a +0 dagger
 30927 | Orc:2    | Identified a +0 hand axe
 30927 | Orc:2    | Identified a +0 leather armour
 30966 | Orc:2    | Identified a +0 hand axe
 30966 | Orc:2    | Identified a +0 chain mail
 31048 | Orc:2    | Identified a +0 hand axe
 31048 | Orc:2    | Identified a +0 chain mail
 31074 | Orc:2    | Identified a +0 mace
 31254 | Orc:2    | Identified a +0 flail
 31255 | Orc:2    | Identified a +0 short sword
 31255 | Orc:2    | Identified a +0 ring mail
 31256 | Orc:2    | Identified a +0 dagger
 31256 | Orc:2    | Identified a +0 robe
 31257 | Orc:2    | Identified a +0 trident
 31257 | Orc:2    | Identified a +0 ring mail
 31258 | Orc:2    | Identified a +0 flail
 31258 | Orc:2    | Identified a +0 chain mail
 31261 | Orc:2    | Identified a +0 scimitar
 31261 | Orc:2    | Identified a +0 plate armour
 31278 | Orc:2    | Identified a +0 flail
 31278 | Orc:2    | Identified a +0 chain mail
 31516 | Orc:2    | Identified a +0 club
 31556 | Orc:2    | Identified a +3 scimitar
 31556 | Orc:2    | Identified a +0 chain mail
 31560 | Orc:2    | Identified a +2 war axe of draining
 31560 | Orc:2    | Identified a +0 chain mail
 31560 | Orc:2    | Noticed an orc warlord
 31560 | Orc:2    | Identified a +0 dagger
 31560 | Orc:2    | Identified a +0 war axe
 31561 | Orc:2    | Identified a +0 dagger
 31561 | Orc:2    | Identified a +0 robe
 31561 | Orc:2    | Identified a +0 whip
 31562 | Orc:2    | Identified a +0 dagger
 31562 | Orc:2    | Identified a +0 robe
 31562 | Orc:2    | Identified a +0 dire flail
 31562 | Orc:2    | Identified a +0 plate armour
 31563 | Orc:2    | Identified a +0 long sword
 31563 | Orc:2    | Identified a +0 plate armour
 31563 | Orc:2    | Identified a +0 hand axe
 31563 | Orc:2    | Identified a +0 plate armour
 31563 | Orc:2    | Identified a +0 club
 31563 | Orc:2    | Identified a +0 flail
 31564 | Orc:2    | Identified a +0 giant spiked club
 31564 | Orc:2    | Identified a +0 dagger
 31564 | Orc:2    | Identified a +0 leather armour
 31566 | Orc:2    | Identified a +0 club
 31566 | Orc:2    | Identified a +0 dagger
 31566 | Orc:2    | Identified a +0 robe
 31568 | Orc:2    | Identified a +0 flail
 31568 | Orc:2    | Identified a +0 leather armour
 31568 | Orc:2    | Identified a +1 short sword of venom
 31568 | Orc:2    | Identified a +0 chain mail
 31572 | Orc:2    | Identified a +0 dire flail
 31572 | Orc:2    | Identified a +0 plate armour
 31573 | Orc:2    | Identified a +0 hand axe
 31573 | Orc:2    | Identified a +0 plate armour
 31580 | Orc:2    | Identified a +0 short sword (You took it off an orc on
                  | level 2 of the Orcish Mines)
 31581 | Orc:2    | Killed an orc warlord
 31582 | Orc:2    | Reached skill level 16 in Earth Magic
 31871 | Orc:2    | Identified a +0 glaive
 31871 | Orc:2    | Identified a +0 plate armour
 31872 | Orc:2    | Identified a +0 halberd
 31872 | Orc:2    | Identified a +0 chain mail
 31881 | Orc:2    | Identified a +0 halberd
 31881 | Orc:2    | Identified a +0 chain mail
 31882 | Orc:2    | Identified a +0 trident
 31882 | Orc:2    | Identified a +0 chain mail
 32055 | Orc:2    | Identified a +0 trident
 32055 | Orc:2    | Identified a +0 plate armour
 32127 | Orc:2    | Identified a +1 short sword of speed
 32127 | Orc:2    | Identified a +0 chain mail
 32323 | Orc:2    | Identified a +0 flail of protection
 32471 | Orc:2    | Identified a +0 scimitar
 32471 | Orc:2    | Identified a +0 plate armour
 32471 | Orc:2    | Identified a +0 mace
 32471 | Orc:2    | Identified a +0 ring mail
 32474 | Orc:2    | Identified a +0 club
 32474 | Orc:2    | Identified a +0 scale mail
 32474 | Orc:2    | Identified a +0 battleaxe
 32474 | Orc:2    | Identified a +0 plate armour
 32474 | Orc:2    | Identified a +0 glaive
 32474 | Orc:2    | Identified a +0 plate armour
 32474 | Orc:2    | Identified a +0 war axe
 32475 | Orc:2    | Found Gaici's Antique Armour Boutique.
 32475 | Orc:2    | Found Miotzuuw's Weapon Shoppe.
 32475 | Orc:2    | Identified a +0 dagger
 32475 | Orc:2    | Identified a +0 chain mail
 32475 | Orc:2    | Identified a +0 flail
 32475 | Orc:2    | Identified a +0 plate armour
 32475 | Orc:2    | Identified a +0 halberd
 32475 | Orc:2    | Identified a +0 chain mail
 32475 | Orc:2    | Identified a +0 long sword
 32475 | Orc:2    | Identified a +0 arbalest
 32475 | Orc:2    | Identified a +0 plate armour
 32475 | Orc:2    | Identified a +0 short sword
 32475 | Orc:2    | Identified a +0 war axe
 32475 | Orc:2    | Identified a +0 scimitar
 32475 | Orc:2    | Identified a +0 plate armour
 32475 | Orc:2    | Identified a +0 whip
 32475 | Orc:2    | Identified a +0 scale mail
 32475 | Orc:2    | Identified a +0 war axe
 32475 | Orc:2    | Identified a +0 orcbow
 32475 | Orc:2    | Identified a +0 plate armour
 32476 | Orc:2    | Identified a +0 dire flail
 32476 | Orc:2    | Identified a +0 chain mail
 32487 | Orc:2    | Reached skill level 7 in Spellcasting
 32620 | Orc:2    | Found Duasigh's Antique Armour Boutique.
 32620 | Orc:2    | Found Enuebluo's Antique Armour Shoppe.
 32637 | Orc:2    | Bought a pair of runed gloves for 225 gold pieces
 32637 | Orc:2    | Identified a +0 pair of gloves of strength (You bought it
                  | in a shop on level 2 of the Orcish Mines)
 32637 | Orc:2    | Bought a masterwork helmet for 285 gold pieces
 32637 | Orc:2    | Identified the +0 helmet "Soen" {Str+3} (You bought it in a
                  | shop on level 2 of the Orcish Mines)
 33290 | D:14     | Found a gate to the Vaults.
 33635 | D:14     | Identified a +0 hand axe
 33650 | D:14     | Identified a +1 antimagic trident
 33654 | D:14     | Identified a scroll of acquirement
 33659 | D:14     | Identified a +0 ring mail
 33728 | D:14     | Acquired a staff of earth
 33772 | D:15     | Identified a +0 giant club
 33772 | D:15     | Identified a +0 short sword
 33772 | D:15     | Identified a +0 plate armour
 33773 | D:15     | Identified a +0 short sword
 33774 | D:15     | Identified a +0 flail
 33775 | D:15     | Identified a +0 club
 33776 | D:15     | Identified a +2 great sword
 33776 | D:15     | Identified a +0 chain mail
 33776 | D:15     | Identified a +0 short sword
 33952 | D:15     | Identified a +0 short sword of flaming
 34076 | D:15     | Identified a +0 arbalest
 34370 | Orc:2    | Bought a shiny buckler for 180 gold pieces
 34370 | Orc:2    | Identified a +0 buckler of protection (You bought it in a
                  | shop on level 2 of the Orcish Mines)
 34539 | D:15     | Reached skill level 1 in Shields
 34707 | D:15     | Reached skill level 2 in Shields
 34857 | D:15     | Found a staircase to the Depths.
 34928 | D:15     | Found Egatuph's Armour Boutique.
 34964 | D:15     | Identified a +2 trident of flaming
 35009 | D:15     | Reached skill level 1 in Translocations
 35075 | D:15     | Identified 2 potions of berserk rage
 35649 | Snake:1  | Entered Level 1 of the Snake Pit
 35649 | Snake:1  | Identified a +0 morningstar
 35649 | Snake:1  | Identified a +0 shortbow
 35649 | Snake:1  | Identified a +0 robe
 35744 | Snake:1  | Found Wywoateh's Antique Weapon Boutique.
 35765 | Snake:1  | Identified a +0 short sword
 35765 | Snake:1  | Identified a +0 robe
 35778 | Lair:3   | Reached skill level 3 in Shields
 35778 | Lair:3   | Reached skill level 2 in Translocations
 35910 | Snake:1  | Identified a +0 scimitar
 35911 | Snake:1  | Identified a +0 flail
 36098 | Swamp:1  | Entered Level 1 of the Swamp
 36216 | Lair:3   | Reached skill level 4 in Shields
 36216 | Lair:3   | Reached XP level 16. HP: 93/93 MP: 0/26
 36394 | Swamp:1  | Reached skill level 3 in Translocations
 36409 | Lair:3   | HP: 17/93 [alligator (15)]
 36561 | Lair:3   | Reached skill level 5 in Shields
 36570 | Swamp:1  | Identified a +0 spear
 36874 | Lair:3   | Reached skill level 6 in Shields
 37176 | Lair:2   | Reached skill level 7 in Shields
 37695 | Swamp:1  | Identified +0 swamp dragon scales
 37718 | Swamp:1  | Identified a +0 spear
 37718 | Swamp:1  | Identified a +0 buckler
 37725 | Swamp:1  | Identified a +0 spear
 37729 | Swamp:1  | Identified a +0 spear
 38025 | Swamp:1  | Identified a +2 spear of venom
 38201 | Swamp:2  | Identified a +0 war axe
 38201 | Swamp:2  | Identified a +0 scale mail
 38201 | Swamp:2  | Noticed Frances
 38201 | Swamp:2  | Identified a +0 spear
 38201 | Swamp:2  | Identified a +1 spear of pain
 38201 | Swamp:2  | Identified a +0 spear
 38201 | Swamp:2  | Identified a +0 spear
 38201 | Swamp:2  | Identified a +0 quarterstaff
 38201 | Swamp:2  | Identified a +0 robe
 38218 | Swamp:1  | Killed Frances
 38219 | Swamp:1  | Reached skill level 9 in Invocations
 38357 | Swamp:1  | HP: 23/93 [will-o-the-wisp/foxfire (9)]
 38357 | Swamp:1  | Killed from afar by a will-o-the-wisp

Table legend: (Time is in decaauts)
 A = Elapsed time spent in this place.
 B = Non-inter-level travel time spent in this place.
 C = Inter-level travel time spent in this place.
 D = Time resting spent in this place.
 E = Time spent auto-exploring this place.
 F = Levels seen in this place.
 G = Mean time per level.
                   A        B        C        D        E       F      G
               +--------+--------+--------+--------+--------+-----+--------+
         Total |  38875 |  35959 |   2916 |  16427 |  13017 |  26 | 1495.2 |
       Dungeon |  21686 |  19368 |   2318 |   7512 |   8701 |  15 | 1445.7 |
        Temple |     10 |      5 |      5 |      0 |      0 |   1 |   10.0 |
          Lair |  11977 |  11546 |    431 |   6207 |   3164 |   5 | 2395.4 |
         Swamp |   1176 |   1144 |     32 |    516 |    388 |   2 |  588.0 |
     Snake Pit |    126 |    126 |      0 |     78 |      9 |   1 |  126.0 |
  Orcish Mines |   3899 |   3772 |    127 |   2114 |    754 |   2 | 1949.5 |
               +--------+--------+--------+--------+--------+-----+--------+

Top non-repeatable levels by time:
  Lair:3: 3775 daAuts
  Lair:4: 2731 daAuts
  Lair:5: 2380 daAuts
   Orc:2: 2010 daAuts
    D:12: 2003 daAuts
     D:8: 1948 daAuts
   Orc:1: 1888 daAuts
    D:14: 1844 daAuts
     D:5: 1648 daAuts
    D:11: 1626 daAuts
  Lair:2: 1602 daAuts
     D:7: 1557 daAuts
  Lair:1: 1487 daAuts
     D:3: 1479 daAuts
     D:6: 1395 daAuts

Table legend:
 A = Kills in this place as a percentage of kills in the entire game.
 B = Kills by you in this place as a percentage of kills by you in the entire game.
 C = Kills by friends in this place as a percentage of kills by friends in the entire game.
 D = Other kills in this place as a percentage of other kills in the entire game.
 E = Experience gained in this place as a percentage of experience gained in the entire game.
 F = Experience gained in this place divided by the number of levels of this place that you have seen.
                   A       B       C       D       E      F
               +-------+-------+-------+-------+-------+----------------------
         Total | 100.0 | 100.0 | 100.0 | 100.0 | 100.0 | 5687.7
       Dungeon |  46.3 |  46.8 |   0.0 |  48.1 |  34.2 | 3367.9
          Lair |  27.3 |  29.4 |   0.0 |   7.4 |  43.9 | 12989.8
         Swamp |   3.8 |   4.0 |  11.1 |   0.0 |   8.9 | 6574.5
     Snake Pit |   0.1 |   0.2 |   0.0 |   0.0 |   0.5 | 792.0
  Orcish Mines |  22.5 |  19.6 |  88.9 |  44.4 |  12.5 | 9236.0
               +-------+-------+-------+-------+-------+----------------------

Skill      XL: |  1  2  3  4  5  6  7  8  9 10 11 12 13 14 15 16 |
---------------+-------------------------------------------------+-----
Conjurations   | 2 3 4 5 6 7 8 9 10 11 12 13 14 15 | 15.7
Earth Magic    | 1 3 5 6 8 9 10 11 12 13 15 16 | 16.6
Summonings     | 1 3 4 5 6 7 8 |  8.7
Fighting       | 2 4 5 6 7 8 |  8.0
Armour         | 2 3 4 6 7 8 |  8.0
Dodging        | 2 3 4 5 |  5.0
Spellcasting   | 4 5 6 7 |  7.5
Invocations    | 2 3 4 6 7 8 9 |  9.0
Evocations     | 1 3 4 5 |  5.0
Stealth        | 4 5 6 |  6.0
Shields        | 4 7 |  7.0
Translocations | 2 3 |  3.0

Action                     |  1- 3 |  4- 6 |  7- 9 | 10-12 | 13-15 | 16-18 || total
---------------------------+-------+-------+-------+-------+-------+-------++-------
  Melee: Dagger            |    37 |       |       |       |       |       ||    37
         Punch             |     1 |       |     2 |    11 |    13 |       ||    27
         Short sword       |    41 |       |       |       |       |       ||    41
         Whip              |       |    75 |    21 |   183 |       |       ||   279
         Falchion          |       |       |       |   224 |   234 |       ||   458
         Flail             |       |       |       |    20 |   521 |    73 ||   614
         Staff             |       |       |       |       |    10 |     5 ||    15
  Throw: Javelin           |       |       |       |       |     7 |       ||     7
   Cast: Magic Dart        |    99 |    17 |    76 |    51 |   149 |     8 ||   400
         Stone Arrow       |     1 |     8 |    71 |   187 |   394 |    75 ||   736
         Mephitic Cloud    |       |       |     1 |    46 |    39 |     4 ||    90
         Bombard           |       |       |       |     3 |    84 |    12 ||    99
         Blink             |       |       |       |     1 |     4 |     2 ||     7
         Lee's Rapid Decon |       |       |       |       |     8 |       ||     8
 Invoke: Donate Gold       |       |       |     1 |     1 |       |       ||     2
         Recite            |       |       |       |    20 |    20 |     5 ||    45
         Vitalisation      |       |       |       |       |     1 |       ||     1
  Evoke: Wand              |       |     1 |       |     7 |    55 |     8 ||    71
    Use: Scroll            |     4 |     1 |     2 |    10 |    17 |       ||    34
         Potion            |       |       |     1 |     4 |     2 |     1 ||     8
   Stab: Sleeping          |     2 |     1 |       |     1 |     1 |       ||     5
         Confused          |       |       |       |    22 |    20 |       ||    42
         Invisible         |       |       |       |     3 |       |       ||     3
         Paralysed         |       |       |       |       |     4 |       ||     4
 Armour: Robe              |    45 |    41 |    41 |   228 |       |       ||   355
         Troll leather arm |       |       |       |   146 |  1042 |   208 ||  1396
  Dodge: Dodged            |    45 |    34 |    18 |   273 |   778 |    93 ||  1241
  Block: Other             |    29 |    14 |     8 |   105 |   266 |       ||   422
         Reflection        |       |     1 |       |     1 |    11 |     4 ||    17
         Buckler           |       |       |       |       |    30 |    99 ||   129

Vanquished Creatures
  Frances (Swamp:1)
  Gastronok (Lair:3)
  3 orc warlords
  An ironbound preserver (D:14)
  3 eleionomae
  3 bunyips
  6 hydras
  2 ice dragons (D:15)
  5 alligators
  A ghost crab (Lair:2)
  8 boulder beetles
  A centaur warrior (D:14)
  2 two-headed ogres
  A naga warrior (Lair:3)
  Urug (D:10)
  A naga sharpshooter (Snake:1)
  6 death yaks
  Sonja (Lair:5)
  2 skysharks
  5 skeletal warriors
  A goliath frog (Swamp:1)
  3 bog bodies (Lair:3)
  A swamp dragon (Swamp:1)
  8 orc knights
  A lindwurm (Lair:5)
  4 orc sorcerers
  A deep elf pyromancer (D:15)
  2 oklob plants (Lair:5)
  2 mana vipers (Lair:3)
  A will-o-the-wisp (Swamp:1)
  9 ugly things (D:14)
  3 manticores
  4 cyclopes
  16 elephants
  A manticore (shapeshifter) (D:14)
  A salamander (Lair:3)
  4 black mambas
  22 cane toads
  4 gargoyles
  2 yaktaurs
  4 unseen horrors
  An efreet (D:13)
  9 komodo dragons
  7 hornets
  7 trolls
  4 tyrant leeches
  Prince Ribbit (D:5)
  2 polar bears (Lair:3)
  14 blink frogs
  Sigmund (D:5)
  3 centaur simulacra
  A culicivora (shapeshifter) (D:14)
  15 slime creatures
  A spriggan (shapeshifter) (D:15)
  5 spriggans (Swamp:1)
  2 basilisks (D:8)
  4 shadows
  A vampire (D:12)
  4 wraiths
  5 wyverns
  46 yaks
  9 vampire mosquitoes
  Menkaure (D:7)
  5 swamp worms
  9 water moccasins
  9 wargs
  An acid dragon (D:8)
  2 black bears
  2 sky beasts
  7 ogres
  An ice beast (D:5)
  45 orc warriors
  6 wolves (Lair:3)
  2 centaurs
  A phantom (D:6)
  2 kobold brigands
  17 bullfrogs
  22 wights
  13 killer bees
  A howler monkey (D:3)
  3 electric eels
  4 lava snakes (Lair:3)
  A quasit (D:8)
  A hound (D:6)
  5 jellies
  10 orc priests
  Ijyb (D:3)
  4 iguanas
  A sleepcap (D:6)
  4 hell rats (Lair:3)
  23 orc wizards
  7 gnolls
  6 adders
  2 white imps
  4 ufetubi
  3 worms
  2 dart slugs
  98 orcs
  9 ball pythons
  4 endoplasms
  3 giant cockroaches
  2 goblins
  8 hobgoblins
  4 quokkas
  9 bats
  2 frilled lizards
  13 kobolds
  8 rats
677 creatures vanquished.

Vanquished Creatures (collateral kills)
  A goliath frog (Swamp:1)
  A warg (Orc:2)
  3 orc warriors
  An orc priest (Orc:2)
  3 orcs (Orc:2)
9 creatures vanquished.

Vanquished Creatures (others)
  A yak (Lair:3)
  3 orc warriors (Orc:2)
  An orc priest (Orc:2)
  12 foxfires
17 creatures vanquished.

Grand Total: 703 creatures vanquished
